Map: King's Cove LE

Players

Mez

  • Race: Terran Terran
  • League: Master
  • Spawn Location: 11:00

MAXSIMUS - Winner!

  • Race: Protoss Protoss
  • League: Master
  • Spawn Location: 5:00

VOD

Have the link to the VOD?

Description

Time

  • Played on: July 28, 2019, 1:47 a.m.
  • Length: 9:30
Show
View Real Time Build Order
Export as new Build Order

Mez Terran 

Build Orders: Reaper Expand 

Get SALT Encoding   

  12  0:01  SCV  
  13  0:13  SCV  
  14  0:21  Supply Depot  
  14  0:25  SCV  
  15  0:42  SCV  
  16  0:43  Barracks  
  16  0:47  Refinery  
  16  0:55  SCV  
  17  1:07  SCV  
  18  1:19  SCV  
  19  1:31  Reaper, Orbital Command  
  20  1:50  Command Center  
  20  1:58  Barracks  
  20  2:03  SCV  
  20  2:06  Barracks Reactor  
  21  2:16  Barracks  
  21  2:18  SCV  
  22  2:27  Supply Depot  
  22  2:30  SCV  
  23  2:42  Command Center  
  23  2:46  Marine  
  23  2:48  Marine  
  23  2:49  Marine  
  25  2:51  SCV  
  26  3:04  Marine x2  
  28  3:06  Marine x2  
  27  3:22  Marine x2  
  27  3:24  Marine  
  27  3:26  Barracks Tech Lab  
  27  3:40  Marine  
  25  3:46  Marine x2  
  25  3:47  Marauder  
  28  3:48  SCV  
  29  3:56  Orbital Command  
  29  4:00  SCV  
  30  4:09  Combat Shield  
  30  4:14  Marine x2  
  30  4:15  Marauder  
  33  4:19  SCV  
  33  4:21  Marine  
  35  4:29  Refinery  
  35  4:32  Engineering Bay  
  35  4:38  Orbital Command  
  35  4:40  SCV  
  35  4:42  Marauder  
  35  4:43  Barracks Tech Lab  
  35  4:44  Marine x2  
  40  4:55  SCV  
  40  5:04  SCV  
  40  5:06  Terran Infantry Weapons Level 1  
  41  5:07  SCV  
  41  5:12  Marauder x2  
  46  5:20  Refinery  
  46  5:21  Supply Depot  
  46  5:28  Factory  
  46  5:30  SCV x2, Marine x2  
  50  5:39  Marine x2  
  50  5:41  Stimpack  
  52  5:46  SCV x2  
  52  5:48  Marine  
  52  5:49  Supply Depot  
  55  5:54  Concussive Shells  
  55  6:04  Marine  
  55  6:06  Marine x2  
  55  6:07  SCV x2  
  59  6:30  Supply Depot  
  59  6:32  Starport  
  59  6:33  Factory Reactor  
  59  6:34  SCV x2  
  59  6:36  Marine x2  
  59  6:37  Marine  
  64  6:48  SCV x2  
  66  6:54  Orbital Command x2  
  70  7:01  Marauder x2  
  70  7:23  Command Center  
  70  7:41  SCV x2, Marine x2, Medivac x2, Supply Depot  
  78  7:48  Supply Depot  
  78  8:02  Marine  
  78  8:03  SCV x2, Marauder  
  78  8:05  Missile Turret  
  83  8:06  Supply Depot  
  83  8:07  Missile Turret  
  83  8:10  Supply Depot  
  83  8:14  Supply Depot  
  83  8:15  Medivac  
  83  8:18  Medivac  
  87  8:23  SCV x2  
  89  8:27  Marine x2  
  89  8:31  Marine x2  
  93  8:34  Supply Depot  
  93  8:43  SCV x2  
  95  8:50  Armory  
  95  8:52  Engineering Bay  
  95  8:56  Marine  
  95  8:57  Marauder x2  
  95  8:59  SCV  
Show
View Real Time Build Order
Export as new Build Order

MAXSIMUS Protoss - Winner!

Build Orders:  

Get SALT Encoding   

  1  0:00  Probe  
  12  0:05  Probe  
  14  0:18  Pylon  
  14  0:21  Probe  
  15  0:36  Probe  
  15  0:39  Gateway  
  16  0:45  Assimilator  
  16  0:48  Probe  
  17  0:58  Pylon  
  17  1:00  Probe  
  18  1:12  Probe  
  18  1:17  Gateway  
  19  1:24  Probe  
  20  1:29  Cybernetics Core  
  20  1:32  Assimilator  
  20  1:36  Probe  
  21  1:48  Probe  
  21  1:51  Pylon  
  22  1:55  Stalker  
  22  1:56  Stalker  
  26  2:25  Stalker x2  
  30  2:30  Warp Gate  
  30  2:31  Probe  
  31  2:45  Probe  
  32  2:55  Stalker  
  34  3:01  Probe  
  35  3:06  Pylon  
  35  3:13  Probe  
  36  3:26  Stalker  
  34  3:27  Stalker  
  34  3:28  Probe  
  39  3:45  Probe  
  39  3:47  Stalker  
  40  3:57  Stalker  
  40  3:58  Probe  
  45  4:03  Nexus  
  43  4:16  Probe  
  42  4:26  Stargate  
  42  4:28  Probe, Twilight Council  
  43  4:36  Stalker  
  45  4:41  Probe  
  46  4:48  Pylon  
  46  4:53  Probe  
  46  4:55  Pylon  
  46  4:58  Oracle  
  47  5:01  Charge  
  47  5:06  Probe  
  51  5:18  Probe x2  
  53  5:22  Gateway  
  53  5:27  Oracle  
  53  5:33  Probe x2  
  58  5:41  Zealot x2  
  62  5:45  Probe  
  62  5:46  Probe  
  64  5:52  Robotics Facility  
  64  5:57  Probe  
  64  5:58  Probe  
  64  6:01  Assimilator  
  66  6:04  Zealot  
  66  6:05  Pylon  
  66  6:06  Zealot  
  70  6:29  Probe x2  
  72  6:41  Probe, Observer  
  74  6:47  Robotics Bay  
  74  6:48  Probe  
  74  6:49  Nexus, Pylon  
  74  6:50  Pylon  
  74  6:52  Gateway  
  74  6:53  Probe  
  76  6:55  Zealot x2  
  76  7:01  Probe  
  81  7:02  Observer  
  82  7:13  Probe x2  
  82  7:15  Zealot x3  
  90  7:25  Probe x2  
  92  7:35  Colossus  
  92  7:37  Probe x2  
  94  7:47  Extended Thermal Lance  
  94  7:49  Probe x2  
  102  7:55  Pylon  
  102  8:01  Probe x3  
  102  8:02  Zealot x2  
  109  8:12  Forge  
  109  8:13  Probe x2  
  109  8:14  Probe, Forge  
  109  8:15  Assimilator  
  109  8:16  Zealot  
  109  8:19  Zealot  
  116  8:26  Gateway  
  116  8:29  Colossus  
  116  8:31  Assimilator, Pylon  
  122  8:44  Probe x2  
  122  8:45  Probe  
  125  8:51  Pylon  
  125  8:56  Zealot x2  
  125  8:57  Zealot x2  
  129  9:21  Zealot x5  
Tags
 
Add a new tag
Caveats
  • Supply blocks, unpowered buildings, or Contaminate may cause inaccurate times.
  • Supply counts are checked every 10 seconds.